 Dungeon Crawl Stone Soup version 0.31-a0-174-g85c54bcb58 (webtiles) character file.

Game seed: 13815383139606756602

255 qw the Shooter (level 6, 0/56 HPs)
             Began as a Naga Hunter on June 15, 2023.
             Was an Initiate of Okawaru.
             Slain by Pikel
             ... wielding a +2 whip of flaming
              (2 damage)
             ... on level 4 of the Dungeon.
             The game lasted 00:01:05 (3194 turns).

qw the Shooter (Naga Hunter)                        Turns: 3194, Time: 00:01:06

Health: 0/56       AC:  6    Str: 13    XL:     6   Next: 15%
Magic:  6/6        EV: 10    Int: 10    God:    Okawaru [......]
Gold:   38         SH:  0    Dex: 19    Spells: 5/5 levels left

rFire   . . .        Y - +1 shortbow
rCold   + . .        (shield currently unavailable)
rNeg    . . .        b - +2 robe of Experimentation {rC+ Dex+3}
rPois   +            f - +0 helmet
rElec   .            (no cloak)
rCorr   .            (no gloves)
SInv    +            (no barding)
Will    .....        (no amulet)
Stlth   ++           (no ring)
HPRegen 0.29/turn    (no ring)
MPRegen 0.10/turn

%: no passive effects
@: about to teleport, short of breath, very slow
A: AC +2, large, see invisible, deformed body, poison resistance, slowness 2,
spit poison 1, naga tail 1
a: Spit Poison, Renounce Religion


You were on level 4 of the Dungeon.
You worshipped Okawaru.
Okawaru was noncommittal.
You visited 2 branches of the dungeon, and saw 5 of its levels.

You collected 118 gold pieces.
You spent 80 gold pieces at shops.


Innate Abilities, Weirdness & Mutations

Your serpentine skin is tough. (AC +2)
You have supernaturally acute eyesight. (SInv)
Armour fits poorly on your strangely shaped body.
Your system is resistant to poisons. (rPois)
You cover ground very slowly.
You can spit poison.
You have a snake-like lower body.


   Skills:
 - Level 3.3 Fighting
 - Level 6.0 Ranged Weapons
 + Level 1.7 Dodging
 - Level 1.5 Stealth


You had 5 spell levels left.
You didn't know any spells.
Your spell library was empty.

Inventory:

Hand Weapons
 Y - a +1 shortbow (weapon)
Armour
 b - the +2 robe of Experimentation (worn) {rC+ Dex+3}
   (You found it on level 4 of the Dungeon)

   Dex:       It affects your dexterity (+3).
   rC:        It protects you from cold.
 f - a +0 helmet (worn)
Scrolls
 a - a scroll of identify
Potions
 c - a potion of mutation {unknown}
 e - 2 potions of cancellation
 h - a potion of curing
 i - a potion of might

Dungeon Overview and Level Annotations

Branches:
Dungeon (4/15)             Temple (1/1) D:4

Altars:
Ashenzari
Cheibriados
Dithmenos
Fedhas
Gozag
Hepliaklqana
Kikubaaqudgha
Makhleb
Nemelex Xobeh
Okawaru
Qazlal
Ru
Vehumet
Xom
Yredelemnul
Zin
The Shining One

Shops:
D:4 !

Annotations:
D:4 Pikel


Message History

Aiming: Spit Poison (1% risk of failure)
Press: ? - help, Shift-Dir - straight line, f/p - lemure The splash of poison hits the lemure!
The lemure looks even sicker.
You kill the lemure!
That felt strangely unrewarding.
You shoot an arrow. The arrow barely misses Pikel.
The arrow hits the lemure.
The lemure is lightly wounded.
Pikel hits you with a +2 whip of flaming!
Pikel burns you.
You shoot an arrow.
The arrow hits Pikel but does no damage.
Pikel is moderately wounded.
Pikel hits you with a +2 whip of flaming.
Pikel burns you.
You shoot an arrow. The arrow barely misses Pikel.
The arrow hits the lemure.
The lemure is moderately wounded.
Pikel hits you with a +2 whip of flaming.
Pikel burns you.
You shoot an arrow. The arrow misses Pikel.
The arrow hits the lemure.
The lemure is moderately wounded.
Pikel misses you. Pikel barely misses you.
You shoot an arrow. The arrow barely misses Pikel.
The arrow hits the lemure.
The lemure is heavily wounded.
You have got your breath back.
Pikel looks more healthy.
Pikel hits you with a +2 whip of flaming.
Pikel burns you.
3193 ||| INVOKING Spit Poison.
Aiming: Spit Poison (1% risk of failure)
Press: ? - help, Shift-Dir - straight line, f/p - Pikel The splash of poison hits Pikel!
Pikel is poisoned.
Pikel is severely wounded.
Pikel hits you with a +2 whip of flaming!
Pikel burns you.
3194 ||| READING scroll of teleportation.
As you read the scroll of teleportation, it crumbles to dust.
You feel strangely unstable.
Pikel hits you with a +2 whip of flaming.
Pikel burns you.
You die...

######...
#@K555.>.
#.####...
#.# #.#
#.# #.#
#.#####
#.#
#.....#
#.#
#####.#
#.# #.#
#.#


You could see Pikel (poisoned) and 3 lemures.

Vanquished Creatures
  A lemure (D:4)
  A jelly (D:4)
  An orc priest (D:3)
  An iguana (D:4)
  4 gnolls
  5 adders
  A worm (D:4)
  2 dart slugs
  5 orcs (D:3)
  5 ball pythons
  4 bats
  6 endoplasms
  5 giant cockroaches
  4 goblins
  8 hobgoblins
  4 jackals (D:4)
  4 quokkas
  5 frilled lizards
  6 kobolds
  5 rats
77 creatures vanquished.

Notes
Turn   | Place    | Note
-------+----------+-------------------------------------------
     0 | D:1      | qw the Naga Hunter began the quest for the Orb.
     0 | D:1      | Reached XP level 1. HP: 19/19 MP: 1/1
     0 | D:1      | 0 ||| qw: Version: 0.2-a-29-g511e9b1
     0 | D:1      | 0 ||| qw: Game counter: 5432
     0 | D:1      | 0 ||| qw: Always use a shield: true
     0 | D:1      | 0 ||| qw: God list: Okawaru
     0 | D:1      | 0 ||| qw: Allow faded altars: false
     0 | D:1      | 0 ||| qw: Do Orc after D:15 true
     0 | D:1      | 0 ||| qw: Do second Lair branch before Depths: true
     0 | D:1      | 0 ||| qw: Lair rune preference: random
     0 | D:1      | 0 ||| qw: Plans: Normal
     0 | D:1      | 0 ||| PLANNING D:1-11
     6 | D:1      | 6 ||| INVOKING Spit Poison.
    18 | D:1      | 18 ||| INVOKING Spit Poison.
    49 | D:1      | 49 ||| INVOKING Spit Poison.
    81 | D:1      | 81 ||| INVOKING Spit Poison.
    86 | D:1      | 86 ||| INVOKING Spit Poison.
   110 | D:1      | 110 ||| INVOKING Spit Poison.
   114 | D:1      | Reached skill level 4 in Ranged Weapons
   114 | D:1      | Reached XP level 2. HP: 26/26 MP: 2/2
   116 | D:1      | 116 ||| INVOKING Spit Poison.
   119 | D:1      | 119 ||| INVOKING Spit Poison.
   167 | D:1      | 167 ||| INVOKING Spit Poison.
   180 | D:1      | Found a faded altar of an unknown god.
   183 | D:1      | 183 ||| INVOKING Spit Poison.
   190 | D:1      | 190 ||| INVOKING Spit Poison.
   193 | D:1      | 193 ||| INVOKING Spit Poison.
   214 | D:1      | 214 ||| INVOKING Spit Poison.
   217 | D:1      | 217 ||| INVOKING Spit Poison.
   221 | D:1      | 221 ||| INVOKING Spit Poison.
   222 | D:1      | Reached XP level 3. HP: 32/32 MP: 3/3
   230 | D:1      | 230 ||| INVOKING Spit Poison.
   275 | D:1      | 275 ||| INVOKING Spit Poison.
   407 | D:1      | 407 ||| INVOKING Spit Poison.
   497 | D:1      | 497 ||| INVOKING Spit Poison.
   572 | D:1      | 572 ||| READING scroll labelled TAUMIPLE ARUDD.
   573 | D:1      | 573 ||| READING scroll labelled MUXZU ZUHEGHUAPP.
   574 | D:1      | 574 ||| READING scroll labelled BYSMIETIOPS.
   575 | D:1      | 575 ||| DROPPING scroll of butterflies.
   663 | D:2      | 663 ||| INVOKING Spit Poison.
   710 | D:2      | 710 ||| INVOKING Spit Poison.
   762 | D:2      | 762 ||| INVOKING Spit Poison.
   810 | D:2      | 810 ||| INVOKING Spit Poison.
   888 | D:2      | 888 ||| INVOKING Spit Poison.
   943 | D:2      | 943 ||| INVOKING Spit Poison.
   946 | D:2      | 946 ||| INVOKING Spit Poison.
  1038 | D:2      | 1038 ||| INVOKING Spit Poison.
  1112 | D:2      | 1112 ||| INVOKING Spit Poison.
  1117 | D:2      | 1117 ||| INVOKING Spit Poison.
  1186 | D:2      | 1186 ||| INVOKING Spit Poison.
  1254 | D:2      | 1254 ||| INVOKING Spit Poison.
  1338 | D:2      | 1338 ||| UPGRADING to +0 helmet.
  1343 | D:2      | 1343 ||| READING scroll labelled CUDECS UNESIS.
  1347 | D:2      | 1347 ||| READING scroll labelled HADGHO LIPIRO.
  1348 | D:2      | 1348 ||| READING scroll labelled BIUTSOE ZOECE.
  1349 | D:2      | 1349 ||| READING scroll labelled HET MONAYXO.
  1365 | D:3      | 1365 ||| INVOKING Spit Poison.
  1368 | D:3      | 1368 ||| INVOKING Spit Poison.
  1381 | D:3      | 1381 ||| INVOKING Spit Poison.
  1385 | D:3      | Reached skill level 5 in Ranged Weapons
  1406 | D:3      | Found a broken altar of Ashenzari.
  1450 | D:3      | 1450 ||| INVOKING Spit Poison.
  1452 | D:3      | Reached XP level 4. HP: 39/39 MP: 4/4
  1488 | D:3      | 1488 ||| INVOKING Spit Poison.
  1523 | D:3      | 1523 ||| INVOKING Spit Poison.
  1711 | D:3      | 1711 ||| INVOKING Spit Poison.
  1719 | D:3      | Identified the +7 war axe of Outrage {freeze, rN+ Int+4}
  1729 | D:3      | 1729 ||| INVOKING Spit Poison.
  1733 | D:3      | 1733 ||| INVOKING Spit Poison.
  1736 | D:3      | 1736 ||| Stepping ~*~*~tactically~*~*~ (outnumbered).
  1739 | D:3      | 1739 ||| INVOKING Spit Poison.
  1744 | D:3      | Reached skill level 3 in Fighting
  1744 | D:3      | Reached XP level 5. HP: 42/49 MP: 5/5
  1795 | D:3      | 1795 ||| INVOKING Spit Poison.
  2011 | D:3      | 2011 ||| INVOKING Spit Poison.
  2018 | D:3      | 2018 ||| INVOKING Spit Poison.
  2071 | D:3      | 2071 ||| INVOKING Spit Poison.
  2252 | D:3      | 2252 ||| DROPPING +6 ring of intelligence.
  2253 | D:3      | 2253 ||| READING scroll labelled JYAHATHR TEOTO.
  2254 | D:3      | 2254 ||| DRINKING 2 white potions.
  2255 | D:3      | 2255 ||| READING 3 scrolls of identify.
  2255 | D:3      | 2255 ||| IDENTIFYING glowing brown potion
  2256 | D:3      | 2256 ||| READING 2 scrolls of identify.
  2256 | D:3      | 2256 ||| IDENTIFYING clear potion
  2347 | D:4      | Found Koaf's Distillery.
  2350 | D:4      | Identified the +2 robe of Experimentation {rC+ Dex+3}
  2366 | D:4      | 2366 ||| BUYING potion of cancellation (80 gold).
  2366 | D:4      | Bought a potion of cancellation for 80 gold pieces
  2366 | D:4      | 2366 ||| SHOPLISTING potion of curing (30 gold, have 4).
  2366 | D:4      | 2366 ||| SHOPLISTING potion of might (40 gold, have 4).
  2366 | D:4      | 2366 ||| SHOPLISTING potion of mutation (80 gold, have 4).
  2367 | D:4      | 2367 ||| INVOKING Spit Poison.
  2373 | D:4      | 2373 ||| INVOKING Spit Poison.
  2377 | D:4      | 2377 ||| INVOKING Spit Poison.
  2386 | D:4      | 2386 ||| INVOKING Spit Poison.
  2391 | D:4      | Found a staircase to the Ecumenical Temple.
  2392 | D:4      | 2392 ||| PLANNING TEMPLE
  2392 | D:4      | 2392 ||| UPGRADING to +2 robe of Experimentation {rC+
                  | Dex+3}.
  2402 | D:4      | 2402 ||| DROPPING +0 leather armour.
  2409 | D:4      | 2409 ||| INVOKING Spit Poison.
  2410 | D:4      | 2410 ||| INVOKING Spit Poison.
  2415 | D:4      | 2415 ||| INVOKING Spit Poison.
  2433 | Temple   | Entered the Ecumenical Temple
  2483 | Temple   | 2483 ||| PLANNING OKAWARU WORSHIP
  2814 | Temple   | Became a worshipper of Warmaster Okawaru
  2815 | Temple   | 2815 ||| PLANNING D:1-11
  2885 | D:4      | 2885 ||| INVOKING Spit Poison.
  2889 | D:4      | 2889 ||| INVOKING Spit Poison.
  2902 | D:4      | 2902 ||| INVOKING Spit Poison.
  2915 | D:4      | 2915 ||| INVOKING Spit Poison.
  2970 | D:4      | 2970 ||| Stepping ~*~*~tactically~*~*~ (outnumbered).
  2972 | D:4      | 2972 ||| INVOKING Spit Poison.
  2981 | D:4      | 2981 ||| INVOKING Spit Poison.
  2987 | D:4      | 2987 ||| INVOKING Spit Poison.
  2991 | D:4      | 2991 ||| INVOKING Spit Poison.
  3032 | D:4      | 3032 ||| INVOKING Spit Poison.
  3034 | D:4      | Reached XP level 6. HP: 56/56 MP: 6/6
  3051 | D:4      | 3051 ||| INVOKING Spit Poison.
  3056 | D:4      | 3056 ||| INVOKING Spit Poison.
  3059 | D:4      | Reached skill level 6 in Ranged Weapons
  3059 | D:4      | 3059 ||| INVOKING Spit Poison.
  3060 | D:4      | 3060 ||| INVOKING Spit Poison.
  3175 | D:4      | Noticed Pikel
  3177 | D:4      | 3177 ||| INVOKING Spit Poison.
  3180 | D:4      | 3180 ||| INVOKING Spit Poison.
  3183 | D:4      | 3183 ||| INVOKING Spit Poison.
  3187 | D:4      | 3187 ||| INVOKING Spit Poison.
  3193 | D:4      | 3193 ||| INVOKING Spit Poison.
  3193 | D:4      | HP: 10/56 [Pikel/+2 whip of flaming (9)]
  3194 | D:4      | 3194 ||| READING scroll of teleportation.
  3194 | D:4      | HP: 2/56 [Pikel/+2 whip of flaming (4)]
  3194 | D:4      | Slain by Pikel

Levels and vault maps discovered:
D:1:      psy_arrival_statuary, layout_basic,
          ebering_ecumenical_altar_sacrificial
D:2:      layout_loops_corners
D:3:      layout_loops_corners, nicolae_ashenzari_panopticon
D:4:      layout_loops_ring, minmay_temple_entry_stoned_glass, serial_shops,
          shop, uniq_pikel
Temple:   compressed_dpeg_triangle_lava_temple

Skill      XL: |  1  2  3  4  5  6 |
---------------+-------------------+-----
Ranged Weapons | 4 5 6 |  6.0
Fighting       | 3 |  3.3
Dodging        | |  1.7
Stealth        | |  1.5

Action                     |  1- 3 |  4- 6 || total
---------------------------+-------+-------++-------
   Fire: Shortbow          |    59 |    84 ||   143
Ability: Spit Poison       |    35 |    33 ||    68
    Use: Scroll            |     7 |     4 ||    11
         Potion            |       |     1 ||     1
 Armour: Leather armour    |     2 |       ||     2
         Robe              |       |     7 ||     7
  Dodge: Dodged            |    13 |    14 ||    27

Table legend:
 A = Non-vault XP
 B = Vault XP
 C = Vault XP percentage of total XP
 D = Non-vault monster count
 E = Vault monster count
 F = Vault count percentage of total count
                 A         B        C        D         E       F
            +---------+---------+-------+---------+---------+-------
      Total |     365 |       0 |   0.0 |      76 |       0 |   0.0
            +---------+---------+-------+---------+---------+-------
        D:1 |      49 |       0 |   0.0 |      22 |       0 |   0.0
        D:2 |      24 |       0 |   0.0 |      13 |       0 |   0.0
        D:3 |     116 |       0 |   0.0 |      21 |       0 |   0.0
        D:4 |     176 |       0 |   0.0 |      20 |       0 |   0.0
            +---------+---------+-------+---------+---------+-------
